 Dungeon Crawl Stone Soup version 0.25.0-46-gbd7b0854d2 (webtiles) character file.

Game seed: 2464725733598740844

44 1player the Magician (level 3, 25/25 HPs)
             Began as a Gnoll Wanderer on July 15, 2020.
             Quit the game on level 2 of the Dungeon.
             The game lasted 00:04:29 (1902 turns).

1player the Magician (Gnoll Wanderer)               Turns: 1902, Time: 00:04:30

Health: 25/25      AC:  4    Str: 12    XL:     3   Next: 62%
Magic:  11/11      EV: 11    Int: 17    God:
Gold:   32         SH:  0    Dex: 14    Spells: 14/16 levels left

rFire    . . .     SeeInvis .   a - +0 dagger
rCold    . . .     Gourm    .   (no shield)
rNeg     . . .     Faith    .   d - +0 robe
rPois    .         Spirit   .   j - +2 hat
rElec    .         Reflect  .   (no cloak)
rCorr    .         Harm     .   (no gloves)
MR       .....                  (no boots)
Stlth    ++........             (no amulet)
HPRegen  0.08/turn              (no ring)
MPRegen  0.12/turn              (no ring)

@: no status effects
A: distributed training, fangs 1, strong nose
a: no special abilities


You were on level 2 of the Dungeon.
You were not hungry.

You visited 1 branch of the dungeon, and saw 2 of its levels.

You collected 32 gold pieces.

Inventory:

Hand Weapons
 a - a +0 dagger (weapon)
Armour
 d - a +0 robe (worn)
 j - a +2 hat (worn)
Scrolls
 g - 2 scrolls of remove curse {@r2}
 h - a scroll of noise {unknown}
 m - 2 scrolls of identify {unknown}
 n - 2 scrolls of teleportation {unknown}
 o - a scroll of blinking {unknown}
 r - a scroll of immolation {unknown}
 s - a scroll of amnesia {unknown}
Potions
 k - a potion of heal wounds {unknown}
 l - a potion of degeneration {unknown}
 q - a potion of brilliance {unknown}
Comestibles
 e - 4 rations {!d}


   Skills:
 + Level 0.8 Fighting
 + Level 0.8 Short Blades
 + Level 0.8 Long Blades
 + Level 0.8 Axes
 + Level 0.8 Maces & Flails
 + Level 0.8 Polearms
 + Level 0.8 Staves
 + Level 0.8 Slings
 + Level 0.8 Bows
 + Level 0.8 Crossbows
 + Level 0.8 Throwing
 + Level 0.8 Armour
 + Level 0.8 Dodging
 + Level 2.4 Stealth
 + Level 2.6 Shields
 + Level 0.8 Unarmed Combat
 + Level 7.1 Spellcasting
 + Level 3.7 Conjurations
 + Level 0.5 Hexes
 + Level 0.5 Charms
 + Level 0.5 Summonings
 + Level 0.5 Necromancy
 + Level 2.1 Translocations
 + Level 0.5 Transmutations
 + Level 0.5 Fire Magic
 + Level 0.5 Ice Magic
 + Level 0.5 Air Magic
 + Level 0.5 Earth Magic
 + Level 3.7 Poison Magic
 + Level 1.0 Invocations
 + Level 0.8 Evocations


You had 14 spell levels left.
You knew the following spells:

 Your Spells              Type           Power        Failure   Level  Hunger
a - Sting                 Tmut/Pois      ##..         4%          1    None
q - Magic Dart            Conj           ###.         2%          1    None

Your spell library contained the following spells:

 Spells                   Type           Power        Failure   Level  Hunger
 Poisonous Vapours        Pois/Air       ##....       7%          2    None
 Mephitic Cloud           Conj/Pois/Air  ###.....     11%         3    ##.....
 Dazzling Flash           Conj/Hex       ##....       14%         3    ##.....
 Spider Form              Tmut/Pois      ##........   14%         3    ##.....
 Ignite Poison            Fire/Tmut/Pois ##......     17%         3    ##.....
 Olgreb's Toxic Radiance  Pois           ###.....     24%         4    ####...


Dungeon Overview and Level Annotations

Branches:
Dungeon (2/15)

Altars:
Makhleb
Okawaru

Annotations:
D:2 Natasha


Innate Abilities, Weirdness & Mutations

Your experience applies equally to all skills.
You have very sharp teeth.
Your uncanny sense of smell can sniff out nearby items.


Message History

You kill the kobold!
Things that are here:
a +0 short sword; a kobold corpse
Found a burning altar of Makhleb.
There is a burning altar of Makhleb here.
Things that are here:
a +0 short sword; a kobold corpse Some of the chunks of flesh in your inventory have rotted away.
s - a scroll labeled EHOICKOROI There's nothing to open nearby.
All of the chunks of flesh in your inventory have rotted away.
Things that are here:
a +0 short sword; a kobold corpse
There is a burning altar of Makhleb here.
You kneel at the altar of Makhleb.
Saving game... please wait.
Level annotation: Natasha Welcome back, 1player the Gnoll Wanderer.
Press ? for a list of commands and other information.
Are you sure you want to abandon this character and quit the game? (Confirm with "yes".)

#.#..##.# #.##.##
######.#.##..#
#.##.#
#......#.#.###
#.##.# #.#######.###
#.##.# #.# #)##.##
#.##.# #.#
#.#.#.########.##.##
#.#
#..##.#.............
###.#
####.##.######(##...
#...# #@##.........#
## #.###
#####.######## #.#
#.######## #.#
#.........
#####.######
#.########
...........## #<#
#####.##.#..## #.#
.............# #.#
.###.##.#.##.# #.#


There were no monsters in sight!

Vanquished Creatures
  A hound skeleton (D:2)
  An adder (D:2)
  2 hobgoblins
  2 jackals (D:1)
  4 kobolds
  2 bats
  A frilled lizard (D:2)
  5 goblins
  6 rats
24 creatures vanquished.

Notes
Turn   | Place    | Note
-------+----------+-------------------------------------------
     0 | D:1      | 1player the Gnoll Wanderer began the quest for the Orb.
     0 | D:1      | 1player set off with the following items: a +0 dagger, a +0
                  | robe, a ration {!d}; and the following spells available to
                  | memorise: Magic Dart, Sting, Poisonous Vapours, Mephitic
                  | Cloud, Dazzling Flash, Spider Form, Ignite Poison, Olgreb's
                  | Toxic Radiance
     0 | D:1      | Reached XP level 1. HP: 13/13 MP: 8/8
    55 | D:1      | Learned a level 1 spell: Magic Dart
    57 | D:1      | Learned a level 1 spell: Sting
   152 | D:1      | Reached XP level 2. HP: 19/19 MP: 7/10
   561 | D:1      | Found an iron altar of Okawaru.
  1130 | D:2      | Noticed Natasha
  1289 | D:2      | Reached XP level 3. HP: 25/25 MP: 9/11
  1587 | D:2      | Reached skill level 1 in Invocations
  1815 | D:2      | Found a burning altar of Makhleb.
  1902 | D:2      | Quit the game

Illustrated notes

Levels and vault maps discovered:
D:1:      sevenhm_arrival_forest_fort_large_4, layout_basic,
          okawaru_ov_weapons_minmay
D:2:      layout_loops_ring, marbit_many_paths, first_ration,
          minmay_diced_spiral, uniq_natasha

Skill      XL: |  1  2  3 |
---------------+----------+-----
Translocations | 2 |  2.1
Invocations    | 1 |  1.0
Fighting       | |  0.8
Short Blades   | |  0.8
Long Blades    | |  0.8
Axes           | |  0.8
Maces & Flails | |  0.8
Polearms       | |  0.8
Staves         | |  0.8
Slings         | |  0.8
Bows           | |  0.8
Crossbows      | |  0.8
Throwing       | |  0.8
Armour         | |  0.8
Dodging        | |  0.8
Stealth        | |  2.4
Shields        | |  2.6
Unarmed Combat | |  0.8
Spellcasting   | |  7.1
Conjurations   | |  3.7
Hexes          | |  0.5
Charms         | |  0.5
Summonings     | |  0.5
Necromancy     | |  0.5
Transmutations | |  0.5
Fire Magic     | |  0.5
Ice Magic      | |  0.5
Air Magic      | |  0.5
Earth Magic    | |  0.5
Poison Magic   | |  3.7
Evocations     | |  0.8

Action                   || total
-------------------------++-------
Melee: Dagger            ||    25
       Bite              ||     2
 Cast: Magic Dart        ||    35
       Sting             ||     2
  Use: Scroll            ||     1
 Stab: Sleeping          ||     2
  Eat: Chunk             ||     3
Armor: Robe              ||     7
Dodge: Dodged            ||    19
